 Dungeon Crawl Stone Soup version 0.16.1-28-gcc2312f (webtiles) character file.

119864 lisu the Warrior (level 16, -3/151 HPs)
             Began as a Minotaur Fighter on June 2, 2015.
             Was the Champion of Okawaru.
             Slain by a five-headed hydra (6 damage)
             ... on level 5 of the Swamp on June 5, 2015.
             The game lasted 04:52:43 (39353 turns).

lisu the Warrior (Minotaur Fighter)                Turns: 39353, Time: 04:52:43

Health: -3/151     AC: 29    Str: 27    XL:     16   Next: 28%
Magic:  21/22      EV: 15    Int:  5    God:    Okawaru [******]
Gold:   1241       SH:  0    Dex: 20    Spells: 0 memorised, 15 levels left

rFire  + . .     SeeInvis +     y - +5 scimitar (flame)
rCold  . . .     Clarity  .     p - +3 plate armour {rF+}
rNeg   + . .     SustAb   .     c - +0 shield
rPois  .         Gourm    .     (helmet unavailable)
rElec  .         Spirit   .     g - +2 cloak of Eternity {-Cast Dex+5 SInv Stlth+}
rCorr  .         Warding  +     l - +0 pair of gloves
rMut   .         Stasis   .     J - +0 pair of boots
MR     ++...     NoCast   +     D - amulet of warding
Stlth  ..........               Y - +4 ring of strength
                                w - ring of protection from magic

@: confused, lethally poisoned (-3 -> -45), exhausted, heroism, very slightly
contaminated, hasted and slowed, very resistant to hostile enchantments,
extremely unstealthy
A: retaliatory headbutt, horns 3
a: Heroism, Finesse, Renounce Religion


You were on level 5 of the Swamp.
You worshipped Okawaru.
Okawaru was exalted by your worship.
You were hungry.

You visited 5 branches of the dungeon, and saw 32 of its levels.

You collected 3401 gold pieces.
You spent 2160 gold pieces at shops.

Inventory:

Hand weapons
 a - a +5 demon blade of venom
 b - the +3 greatsling "Xom's Sleight of Hands" {freeze, rElec rF+ rN++ Dex-5 Stlth+}
   (Okawaru gifted it to you on level 12 of the Dungeon)

   It causes projectiles fired from it to freeze those they strike, causing
   extra injury to most foes and up to half again as much damage against
   particularly susceptible opponents.
   They can also slow down cold-blooded creatures.
   It affects your dexterity (-5).
   It protects you from fire.
   It insulates you from electricity.
   It greatly protects you from negative energy.
   It makes you more stealthy.
 y - a +5 scimitar of flaming (weapon)
Missiles
 q - 2 sling bullets of frost
 U - 7 sling bullets
 Z - 21 silver sling bullets
Armour
 c - a +0 shield (worn)
 g - the +2 cloak of Eternity (worn) {-Cast Dex+5 SInv Stlth+}
   (Okawaru gifted it to you on level 8 of the Lair of Beasts)

   It affects your dexterity (+5).
   It enhances your eyesight.
   It prevents spellcasting.
   It makes you more stealthy.
 l - a +0 pair of gloves (worn)
 p - a +3 plate armour of fire resistance (worn)
 J - a +0 pair of boots (worn)
Jewellery
 f - an uncursed ring of flight
 n - an uncursed ring of protection from magic
 s - an uncursed amulet of resist corrosion
 w - a ring of protection from magic (left hand)
 D - an amulet of warding (around neck)
 E - an uncursed ring of positive energy
 M - an uncursed ring of ice
 T - an uncursed ring of ice
 Y - a +4 ring of strength (right hand)
Magical devices
 i - a wand of enslavement (4)
 k - a wand of flame (14)
 o - a wand of confusion (12)
 t - a wand of polymorph (12)
 H - a wand of draining (2)
 N - a wand of magic darts (26)
 O - a wand of cold (1)
 R - a wand of digging (6)
 S - a wand of lightning (1)
 V - a wand of fireball (0)
 W - a wand of frost (20)
Scrolls
 d - a scroll of fog
 x - 4 scrolls of remove curse
Potions
 e - a potion of cancellation
 B - 2 potions of agility
 C - 6 potions of restore abilities
 P - a potion of might
 Q - a potion of invisibility
Comestibles
 z - 4 fruits
 A - 4 bread rations
 K - 2 meat rations


   Skills:
 + Level 15.9(20.9) Fighting
 + Level 14.6(19.6) Long Blades
 + Level 13.3(18.3) Slings
 + Level 14.6(19.6) Armour
 - Level 4.9(9.9) Dodging
 + Level 14.7(19.7) Shields
 - Level 5.0 Invocations
 - Level 7.3 Evocations


You had 15 spell levels left.
You didn't know any spells.

Dungeon Overview and Level Annotations

Branches:
Dungeon (14/15)            Temple (1/1) D:4            Lair (8/8) D:9
  Swamp (5/5) Lair:3       Spider (0/5) Lair:5        Slime (0/6) Lair:6
    Orc (4/4) D:10            Elf (0/3) Orc:3        Vaults (0/5) D:13

Altars:
Ashenzari
Cheibriados
Dithmenos
Elyvilon
Fedhas
Gozag
Kikubaaqudgha
Makhleb
Okawaru
Qazlal
Ru
Sif Muna
Trog
Vehumet
Xom
Yredelemnul
Zin
The Shining One
Beogh
Jiyva

Shops:
D:6 *   D:8 }   D:10 *   Orc:1 }%   Orc:4 :([!


Innate Abilities, Weirdness & Mutations

You reflexively headbutt those who attack you in melee.
You have a pair of large horns on your head.


Message History

You are engulfed in poison gas.
You are more poisoned.
* * * LOW HITPOINT WARNING * * *
You are no longer berserk.
You are exhausted.
You feel yourself slow down.
You are feeling hungry.
* * * LOW HITPOINT WARNING * * *
You feel sick.
The wasp is engulfed in poison gas.
The wasp looks even sicker.
The wasp stings you but does no damage.
The wasp is engulfed in poison gas.
The wasp looks even sicker.
The wasp stings you!
* * * LOW HITPOINT WARNING * * *
You feel as though you will be slow longer.
The swamp dragon completely misses you.
The swamp dragon claws you but does no damage.
The swamp dragon misses you. The wasp stings you but does no damage.
The five-headed hydra bites you but does no damage. x2
The five-headed hydra completely misses you.
The five-headed hydra bites you.
You die...

♣≈...≈.≈≈..≈≈..♣♣♣♣.†§§§
♣.≈≈.....≈≈≈≈.≈§§♣♣§§§§§
♣≈≈≈≈...≈≈≈≈≈≈≈≈≈§§♣≈§§§≈
♣≈≈...?D≈≈≈≈n≈≈≈≈♣♣♣.≈≈.
♣♣≈♣≈k≈.D.Dk.≈§≈≈....≈≈≈
♣≈.≈≈≈kDkD♣≈.≈≈≈.≈≈...♣
♣≈≈≈≈≈Dk§♣♣♣.≈§.≈≈≈♣♣♣♣
♣♣♣(≈DDwDy♣♣≈≈§.♣≈≈)
♣≈..≈≈§@D§.♣♣♣≈≈♣..♣
♣.≈§≈≈≈yyy§≈≈≈♣ ♣♣♣♣
♣♣♣♣≈≈≈§≈≈≈..♣
♣♣..♣♣≈≈♣♣♣ ♣♣♣ ♣♣♣


You could see 2 eight-headed hydras, a six-headed hydra, a five-headed hydra, 6
swamp dragons, a bog body, a swamp worm (confused), 2 fire drakes, 3 swamp
drakes, a vampire mosquito and 3 wasps.

Vanquished Creatures
  A thorn hunter (Swamp:3)
  Rupert (Lair:3)
  Frances (D:14)
  Maud (Lair:3)
  Gastronok (Lair:3)
  An orc warlord (Orc:4)
  A ghoul (Swamp:3)
  Josephine (D:12)
  Fannar (Lair:4)
  11 hydras
  A ghost crab (Swamp:4)
  A catoblepas (Lair:8)
  Erica (Lair:6)
  A centaur warrior (D:12)
  An ogre mage (D:11)
  10 alligators
  A deep troll shaman (Lair:8)
  4 death yaks (Lair:8)
  An orc high priest (Orc:4)
  A spriggan druid (Swamp:3)
  An unseen horror (D:14)
  2 wizards
  2 shambling mangroves
  An ice statue (D:14)
  6 swamp dragons
  A necromancer (D:13)
  10 hill giants
  Psyche (Orc:1)
  3 oklob plants
  A hornet (Swamp:3)
  3 orc knights
  A manticore (D:12)
  2 griffons (Lair:3)
  2 cyclopes
  14 elephants
  9 ugly things
  Maurice (D:12)
  Joseph (D:12)
  A centaur skeleton (D:10)
  11 spiny frogs
  6 black mambas
  A yaktaur (D:12)
  4 fire drakes
  5 komodo dragons
  A troll (D:12)
  An efreet (D:12)
  4 polar bears
  The ghost of Rayvis the Covert, an experienced FeEn (D:8)
  19 blink frogs
  6 two-headed ogres
  8 slime creatures
  7 giant leeches
  A freezing wraith (D:12)
  2 ravens (Swamp:4)
  14 bog bodies
  A trapdoor spider zombie (D:10)
  2 basilisks
  A blink frog (shapeshifter) (D:8)
  6 wraiths
  A centaur simulacrum (D:14)
  A water elemental (D:14)
  9 spriggans
  10 baby alligators
  A tarantella (Lair:5)
  3 shadows
  3 deep elf magi
  A wyvern (D:13)
  40 yaks
  Grum (Orc:4)
  A hungry ghost (D:10)
  A mottled dragon (D:11)
  11 vampire mosquitoes
  14 hippogriffs
  23 water moccasins
  8 insubstantial wisps
  27 swamp worms
  2 wargs (Orc:4)
  7 swamp drakes
  18 wolves
  25 porcupines
  34 orc warriors
  5 black bears
  A soldier ant (D:14)
  12 wasps
  9 ice beasts
  5 sky beasts
  A hornet simulacrum (D:14)
  An eye of draining (D:14)
  11 ogres
  A phantom (D:9)
  4 necrophages (Swamp:3)
  A sky beast (shapeshifter) (D:13)
  2 boring beetles
  15 centaurs
  A big kobold (D:7)
  A brain worm (D:13)
  Blork the orc (D:4)
  23 giant frogs
  13 crocodiles
  A wyvern zombie (D:8)
  A gnoll sergeant (D:9)
  A scorpion (D:13)
  The ghost of Oddysee the Cudgeler, a weakling MiFi of Ashenzari (D:3)
  6 electric eels
  A vampire bat (D:4)
  18 wights
  4 crimson imps
  3 goliath beetles
  5 jellies
  29 orc priests
  14 hounds
  2 giant frog skeletons
  Crazy Yiuf (D:2)
  33 orc wizards
  Natasha (twice) (D:3)
  5 worker ants
  9 iguanas
  13 sheep
  Ijyb (D:7)
  A hound zombie (D:6)
  2 worker ant zombies (D:10)
  11 gnolls
  92 river rats
  19 adders
  4 shadow imps
  2 giant mites
  2 white imps (D:14)
  3 worms (D:2)
  An adder skeleton (D:7)
  3 fire bats (D:4)
  8 giant geckos
  4 oozes
  162 orcs
  2 spectral bats (D:4)
  20 bats
  A bat simulacrum (D:4)
  4 bat skeletons
  A bat zombie (D:4)
  7 giant cockroaches
  25 goblins
  18 hobgoblins
  10 jackals
  13 kobolds
  14 quokkas
  A ball python (D:4)
  A giant gecko skeleton (D:5)
  5 giant newts
  A jackal skeleton (D:9)
  A jackal zombie (D:8)
  16 rats
  9 ballistomycetes (D:12)
  8 bushes (D:12)
  4 fungi
  15 plants
1193 creatures vanquished.

Vanquished Creatures (collateral kills)
  Eustachio (Orc:1)
  2 centaurs (D:13)
3 creatures vanquished.

Vanquished Creatures (others)
  An ogre (D:4)
  A centaur (D:11)
  An orc wizard (D:9)
  A killer bee zombie (D:11)
  An orc (D:10)
  A giant spore (D:12)
  A fungus (Lair:3)
  2 plants (Lair:8)
9 creatures vanquished.

Grand Total: 1205 creatures vanquished

Notes
Turn   | Place    | Note
--------------------------------------------------------------
     0 | D:1      | lisu, the Minotaur Fighter, began the quest for the Orb.
     0 | D:1      | Reached XP level 1. HP: 19/19 MP: 1/1
    43 | D:1      | Reached skill level 4 in Fighting
    46 | D:1      | Reached XP level 2. HP: 22/27 MP: 1/1
   442 | D:1      | Reached XP level 3. HP: 31/33 MP: 2/2
   840 | D:2      | Found a stormy altar of Qazlal.
   969 | D:2      | Reached XP level 4. HP: 30/41 MP: 2/2
  1299 | D:2      | Noticed Crazy Yiuf
  1307 | D:2      | Killed Crazy Yiuf
  1307 | D:2      | Reached skill level 5 in Fighting
  1829 | D:3      | Reached XP level 5. HP: 44/48 MP: 2/2
  1989 | D:3      | Reached skill level 1 in Evocations
  2092 | D:3      | Noticed Natasha
  2105 | D:3      | Killed Natasha
  2130 | D:3      | Noticed Oddysee's ghost (weakling MiFi)
  2155 | D:3      | Killed Oddysee's ghost
  2155 | D:3      | Reached XP level 6. HP: 47/57 MP: 2/4
  2172 | D:3      | Found a shattered altar of Ashenzari.
  2525 | D:3      | Noticed Natasha
  2526 | D:3      | Killed Natasha
  2585 | D:4      | Reached skill level 6 in Fighting
  2585 | D:4      | Reached skill level 5 in Shields
  2792 | D:4      | Noticed Blork the orc
  2810 | D:4      | Killed Blork the orc
  2825 | D:4      | Reached XP level 7. HP: 61/64 MP: 5/5
  2881 | D:4      | Reached skill level 5 in Armour
  2885 | D:4      | Found a staircase to the Ecumenical Temple.
  2895 | Temple   | Entered the Ecumenical Temple
  2899 | Temple   | Became a worshipper of Warmaster Okawaru
  3760 | D:4      | Reached skill level 5 in Long Blades
  4125 | D:4      | Reached skill level 7 in Fighting
  4125 | D:4      | Reached skill level 1 in Slings
  4330 | D:5      | Entered Level 5 of the Dungeon
  4881 | D:5      | Found a snail-covered altar of Cheibriados.
  4920 | D:5      | Reached XP level 8. HP: 73/73 MP: 6/6
  5025 | D:5      | Acquired Okawaru's first power
  5130 | D:6      | Found Ekoucal's Assorted Antiques.
  5575 | D:6      | Reached skill level 8 in Fighting
  6587 | D:7      | Found an ancient bone altar of Kikubaaqudgha.
  6601 | D:7      | Reached skill level 9 in Fighting
  6624 | D:7      | Reached XP level 9. HP: 83/83 MP: 7/7
  6902 | D:7      | Noticed Ijyb
  6949 | D:7      | Killed Ijyb
  6962 | D:7      | Got a jewelled ring mail
  7133 | D:8      | Noticed Rayvis' ghost (experienced FeEn)
  7368 | D:8      | Noticed a blink frog
  7380 | D:8      | Killed a blink frog
  7739 | D:8      | Found Phuikahu's Gadget Shoppe.
  7840 | D:8      | Found a viscous altar of Jiyva.
  7964 | D:8      | Reached skill level 10 in Fighting
  7993 | D:8      | Killed Rayvis' ghost
  8010 | D:8      | Received a gift from Okawaru
  8010 | D:8      | Reached skill level 5 in Slings
  8196 | D:8      | Reached XP level 10. HP: 73/93 MP: 7/7
  8542 | D:8      | Received a gift from Okawaru
  8585 | D:9      | Found a radiant altar of Vehumet.
  8663 | D:9      | Identified the +3 ring mail of Feos {rN+ MR+ Str-5 Int-4 Dex-5} (You found it on level 7 of the Dungeon)
  8831 | D:6      | Bought a glowing plate armour for 483 gold pieces
  9036 | D:9      | Found a glowing golden altar of the Shining One.
  9289 | D:9      | Reached skill level 1 in Dodging
  9316 | D:9      | Found a staircase to the Lair.
  9655 | D:9      | Acquired Okawaru's second power
  9669 | D:9      | Received a gift from Okawaru
  9771 | Lair:1   | Entered Level 1 of the Lair of Beasts
  9912 | Lair:1   | Received a gift from Okawaru
 10050 | Lair:1   | Reached skill level 1 in Invocations
 10082 | Lair:1   | Reached skill level 11 in Fighting
 10120 | Lair:1   | Received a gift from Okawaru
 10726 | Lair:1   | Reached XP level 11. HP: 88/102 MP: 8/8
 10837 | Lair:1   | Received a gift from Okawaru
 11453 | Lair:2   | Received a gift from Okawaru
 11571 | Lair:2   | Reached skill level 10 in Armour
 11572 | Lair:2   | Noticed a five-headed hydra
 11588 | Lair:2   | Killed a five-headed hydra
 11588 | Lair:2   | Reached skill level 10 in Shields
 12096 | Lair:2   | Reached skill level 10 in Long Blades
 12471 | Lair:3   | Noticed Rupert
 12539 | Lair:3   | Found a staircase to the Swamp.
 12988 | Lair:3   | Noticed Maud
 12998 | Lair:3   | Killed Maud
 12998 | Lair:3   | Reached skill level 12 in Fighting
 12998 | Lair:3   | Reached XP level 12. HP: 95/112 MP: 10/13
 13003 | Lair:3   | Noticed Gastronok
 13442 | Lair:3   | Killed Gastronok
 14550 | Lair:4   | Noticed Fannar
 14609 | Lair:4   | Received a gift from Okawaru
 14635 | Lair:4   | Got a pitted leather armour {god gift}
 14972 | Lair:5   | Identified the -4 leather armour "Kaduept" {rPois rC+ MR+} (Okawaru gifted it to you on level 4 of the Lair of Beasts)
 15666 | Lair:5   | Found a hole to the Spider Nest.
 16056 | Lair:6   | Noticed Erica
 16212 | D:10     | Entered Level 10 of the Dungeon
 16398 | D:10     | Found Ufym's Assorted Antiques.
 16406 | D:10     | Bought a heavily runed marble ring for 175 gold pieces
 16406 | D:10     | Bought a scroll of identify for 70 gold pieces
 16408 | D:10     | Identified the ring "Prasamoa" {Fire rN+} (You bought it in a shop on level 10 of the Dungeon)
 16876 | D:10     | Found a staircase to the Orcish Mines.
 16904 | D:10     | Found a roughly hewn altar of Beogh.
 17509 | D:11     | Reached XP level 13. HP: 110/119 MP: 14/14
 17702 | D:11     | Noticed an ogre mage
 17721 | D:11     | Killed an ogre mage
 17970 | D:11     | Received a gift from Okawaru
 18257 | D:11     | Reached skill level 13 in Fighting
 18851 | Lair:3   | Killed Rupert
 19021 | Lair:4   | Killed Fannar
 19021 | Lair:4   | Received a gift from Okawaru
 19691 | Lair:6   | Killed Erica
 19751 | Lair:6   | Reached skill level 10 in Slings
 20043 | Lair:5   | Received a gift from Okawaru
 20486 | Lair:6   | Received a gift from Okawaru
 20651 | Lair:6   | Found a staircase to the Slime Pits.
 20679 | Lair:6   | Reached skill level 5 in Invocations
 21894 | Lair:7   | Reached skill level 5 in Evocations
 22657 | Orc:1    | Entered Level 1 of the Orcish Mines
 22657 | Orc:1    | Noticed Eustachio
 22657 | Orc:1    | Noticed Psyche
 22667 | Orc:1    | Killed Eustachio
 22690 | Orc:1    | Killed Psyche
 22808 | Orc:1    | Found Ocutt's Quality Used Wands.
 23078 | Orc:1    | Found Ycea's Food Emporium.
 23968 | Orc:3    | Found a staircase to the Elven Halls.
 24014 | Orc:3    | Found a roughly hewn altar of Beogh.
 24388 | Orc:3    | Reached XP level 14. HP: 130/130 MP: 14/17
 24613 | Orc:3    | Found a bloodstained altar of Trog.
 25291 | Lair:8   | Entered Level 8 of the Lair of Beasts
 25962 | Lair:8   | Received a gift from Okawaru
 26061 | Lair:8   | Reached skill level 14 in Fighting
 26491 | Lair:8   | Received a gift from Okawaru
 26508 | Lair:8   | Got a fine cloak {god gift}
 26553 | Lair:8   | Identified the +2 cloak of Eternity {-Cast Dex+5 SInv Stlth+} (Okawaru gifted it to you on level 8 of the Lair of Beasts)
 27238 | Orc:4    | Entered Level 4 of the Orcish Mines
 27238 | Orc:4    | Noticed Grum
 27603 | Orc:4    | Noticed an orc warlord
 27614 | Orc:4    | Killed an orc warlord
 27686 | Orc:4    | Found a roughly hewn altar of Beogh.
 27731 | Orc:4    | Killed Grum
 27984 | Orc:4    | Found a roughly hewn altar of Beogh.
 28007 | Orc:4    | Found Precos' Distillery.
 28097 | Orc:4    | Found a roughly hewn altar of Beogh.
 28197 | Orc:4    | Found a roughly hewn altar of Beogh.
 28221 | Orc:4    | Found Tiucyffa's Book Emporium.
 28386 | Orc:4    | Found Olommo's Antique Weapon Shop.
 28388 | Orc:4    | Found Gongoa's Antique Armour Boutique.
 28395 | Orc:4    | Bought an emerald-studded plate armour for 952 gold pieces
 28401 | Orc:4    | Bought a glowing demon blade for 480 gold pieces
 28633 | Lair:2   | Identified the cursed -2 plate armour of Ytarel {Regen+ MP-9 Str+6} (You bought it in a shop on level 4 of the Orcish Mines)
 29210 | D:12     | Noticed Maurice
 29220 | D:12     | Killed Maurice
 29398 | D:12     | Received a gift from Okawaru
 29434 | D:12     | Noticed Josephine
 29439 | D:12     | Killed Josephine
 29570 | D:12     | Received a gift from Okawaru
 29781 | D:12     | Found a blossoming altar of Fedhas.
 30043 | D:12     | Noticed Joseph
 30056 | D:12     | Killed Joseph
 30056 | D:12     | Received a gift from Okawaru
 30057 | D:12     | Got a fine greatsling {god gift}
 30058 | D:12     | Identified the +3 greatsling "Xom's Sleight of Hands" {freeze, rElec rF+ rN++ Dex-5 Stlth+} (Okawaru gifted it to you on level 12 of the Dungeon)
 31251 | D:13     | Reached XP level 15. HP: 139/139 MP: 20/20
 31278 | D:13     | Found a gate to the Vaults.
 32203 | Lair:2   | Gained mutation: You have a pair of large horns on your head. [potion of beneficial mutation]
 32659 | D:14     | Received a gift from Okawaru
 32775 | D:14     | Noticed Frances
 33152 | D:14     | Killed Frances
 33999 | Swamp:1  | Entered Level 1 of the Swamp
 34144 | Swamp:2  | Received a gift from Okawaru
 34386 | Swamp:1  | Reached skill level 15 in Fighting
 34756 | Swamp:1  | Received a gift from Okawaru
 36823 | Swamp:3  | Received a gift from Okawaru
 37138 | Swamp:3  | Noticed a thorn hunter
 37148 | Swamp:3  | Killed a thorn hunter
 37731 | Swamp:4  | Reached XP level 16. HP: 133/149 MP: 21/21
 38707 | Swamp:5  | Entered Level 5 of the Swamp
 39353 | Swamp:5  | HP: 3/151 [wasp (7)]
 39353 | Swamp:5  | Slain by a five-headed hydra

Action                   |  1- 3 |  4- 6 |  7- 9 | 10-12 | 13-15 | 16-18 || total
-------------------------+-------+-------+-------+-------+-------+-------++-------
Melee: Long sword        |   102 |   156 |   420 |    18 |       |       ||   696
       Unarmed           |       |       |     1 |       |       |       ||     1
       Falchion          |       |       |       |   757 |   139 |       ||   896
       Hunting sling     |       |       |       |     1 |       |       ||     1
       Scimitar          |       |       |       |       |   815 |     7 ||   822
       Demon blade       |       |       |       |       |   665 |   129 ||   794
 Fire: Hunting sling     |       |       |   183 |   550 |   633 |       ||  1366
       Greatsling        |       |       |       |       |   364 |    73 ||   437
Throw: Stone             |       |       |       |    33 |    81 |       ||   114
Invok: Heroism           |       |       |       |     5 |     8 |     1 ||    14
       Finesse           |       |       |       |     2 |     2 |       ||     4
 Abil: Stop Flying       |       |       |       |     2 |       |       ||     2
       Evoke Flight      |       |       |       |     2 |       |       ||     2
Evoke: Wand              |       |       |     3 |    26 |    49 |       ||    78
  Use: Scroll            |       |     9 |     5 |    12 |    28 |     7 ||    61
       Potion            |       |     6 |    10 |     3 |     9 |     7 ||    35
 Stab: Confused          |       |       |       |       |     5 |     1 ||     6
       Paralysed         |       |       |       |       |     3 |       ||     3
  Eat: Bread ration      |       |     2 |     1 |     3 |     6 |       ||    12
       Beef jerky        |       |       |     3 |     3 |     2 |     1 ||     9
       Meat ration       |       |       |     1 |       |       |       ||     1
       Fruit             |       |       |     5 |    11 |    18 |     3 ||    37
       Chunk             |       |       |     1 |       |    14 |       ||    15
       Pizza             |       |       |       |       |     3 |       ||     3
       Royal jelly       |       |       |       |       |     1 |       ||     1
